 Dungeon Crawl Stone Soup version 0.25-a0-734-g73332aeda9 (webtiles) character file.

Game seed: 6905983983766943529, levelgen mode: deterministic

30 Armakuni the Skirmisher (level 3, 19/19 HPs)
             Began as a Felid Monk on Apr 10, 2020.
             Quit the game on level 2 of the Dungeon.
             The game lasted 00:07:10 (2788 turns).

Armakuni the Skirmisher (Felid Monk)                Turns: 2788, Time: 00:07:10

Health: 19/19      AC:  1    Str:  7    XL:     3   Next: 5%
Magic:  4/4        EV: 19    Int: 12    God:
Gold:   79         SH:  0    Dex: 18    Spells: 2/2 levels left
                                        Lives:  0   Deaths: 1

rFire    . . .     SeeInvis +     - Unarmed
rCold    . . .     Gourm    .   (shield unavailable)
rNeg     . . .     Faith    .   (armour unavailable)
rPois    +         Spirit   .   (helmet unavailable)
rElec    .         Reflect  .   (cloak unavailable)
rCorr    .         Harm     .   (gloves unavailable)
MR       .....                  (boots unavailable)
Stlth    +++.......             (no amulet)
HPRegen  0.06/turn              P - ring of poison resistance
MPRegen  0.09/turn              L - ring of flight

@: quick
A: very small, no armour, no weapons or thrown items, stealth, claws 1, fangs 3,
see invisible, carnivore, speed 1, shaggy fur 1, slow metabolism 1, sharp paws
a: Evoke Flight


You were on level 2 of the Dungeon.
You were not hungry.

You visited 1 branch of the dungeon, and saw 3 of its levels.

You collected 79 gold pieces.

Inventory:

Jewellery
 L - a ring of flight (right paw)
 P - a ring of poison resistance (left paw)
Scrolls
 b - a scroll of remove curse
 d - 2 scrolls of teleportation
 e - a scroll of identify
 f - a scroll of immolation {unknown}
Comestibles
 a - 3 rations
 c - a chunk of flesh


   Skills:
 - Level 5.0 Fighting
 - Level 4.0 Dodging
 - Level 2.6 Stealth
 + Level 3.0 Unarmed Combat


You had 2 spell levels left.
You didn't know any spells.
Your spell library was empty.

Dungeon Overview and Level Annotations

Branches:
Dungeon (3/15)

Altars:

Annotations:
D:1 Robin
D:2 Terence


Innate Abilities, Weirdness & Mutations

You cannot wear armour.
You are incapable of wielding weapons or throwing items.
Your paws allow you to move quietly. (Stealth)
You have sharp claws.
You have razor-sharp teeth.
You have supernaturally acute eyesight. (SInv)
You are carnivorous and can eat meat at any time.
You cover ground quickly.
You are covered in fur. (AC +1)
You have a slow metabolism.
Your sharp claws are effective at attacking unaware monsters.


Message History

Terence hits you with a +0 mace.
You barely miss Terence.
Terence is heavily wounded.
You scratch Terence but do no damage.
Terence is heavily wounded.
Terence hits you with a +0 mace.
You scratch Terence but do no damage.
Terence is heavily wounded.
Terence hits you with a +0 mace.
You barely miss Terence.
Terence is heavily wounded.
Terence zaps a wand.
The puff of flame hits you!
* * * LOW HITPOINT WARNING * * *
Terence zaps a wand.
The puff of flame hits you!
You die...
You are now level 3!
You rejoin the land of the living...
Are you sure you want to abandon this character and quit the game? (Confirm with "yes".)
Okay, then.
Are you sure you want to abandon this character and quit the game? (Confirm with "yes".)

###
##########.##########
#.....(..............
#.########.#########.
#.# ### #######.
###########.#########.
........
#.........#.##........
#######.
#.#######.#.##@.......
...(.... #.#
#.#.##.#######
#....... #.# #.#.##.#
#.###..# #.# #.#..#.#
#..# #.# ##.##.#.# #.#
#..# #.# #...#.#.# #.#
#..# #.# #.......# #.#
#..# #.# #.......# #.#
#..#
###.#######.##.### #.#
#..#


There were no monsters in sight!

Vanquished Creatures
  An adder (D:2)
  An ooze (D:1)
  A worm (D:2)
  A leopard gecko (D:1)
  2 ball pythons
  2 giant cockroaches
  8 hobgoblins
  4 jackals (D:2)
  A quokka (D:2)
  A bat (D:1)
  3 frilled lizards
  15 goblins
  3 kobolds
  5 rats
48 creatures vanquished.

Notes
Turn   | Place    | Note
-------+----------+-------------------------------------------
     0 | D:1      | Armakuni the Felid Monk began the quest for the Orb.
     0 | D:1      | Reached XP level 1. HP: 10/10 MP: 2/2
   430 | D:1      | Reached XP level 2. HP: 14/14 MP: 3/3
   662 | D:1      | Reached skill level 4 in Fighting
   862 | D:2      | Noticed Terence
   868 | D:2      | Reached XP level 3. HP: 18/18 MP: 4/4
  1153 | D:2      | Noticed Robin
  2132 | D:2      | Reached XP level 4. HP: 11/22 MP: 5/5
  2150 | D:2      | HP: 1/22 [jackal (3)]
  2630 | D:3      | Reached skill level 5 in Fighting
  2787 | D:2      | Killed from afar by Terence
  2788 | D:2      | Reached XP level 3. HP: -6/19 MP: 4/4
  2788 | D:2      | Quit the game

Levels and vault maps discovered:
D:1:      dpeg_arrival_boxorama, layout_basic, serial_park_tiny_pond
D:2:      layout_loops_ring, uniq_robin, uniq_terence
D:3:      layout_loops_ring, first_ration

Skill      XL: |  1  2  3  4 |
---------------+-------------+-----
Fighting       | 4 5 |  5.0
Dodging        | |  4.0
Stealth        | |  2.6
Unarmed Combat | |  3.0

Action                   |  1- 3 |  4- 6 || total
-------------------------+-------+-------++-------
Melee: Unarmed           |   163 |    42 ||   205
       Bite              |    12 |     4 ||    16
       Punch             |     3 |       ||     3
Evoke: Wand              |    16 |       ||    16
  Use: Scroll            |     4 |       ||     4
       Potion            |     3 |       ||     3
 Stab: Sleeping          |     2 |     1 ||     3
       Confused          |     2 |       ||     2
       Distracted        |       |     1 ||     1
  Eat: Chunk             |    10 |     1 ||    11
Armor: Skin              |     5 |     1 ||     6
Dodge: Dodged            |   122 |    25 ||   147

Table legend:
 A = Non-vault XP
 B = Vault XP
 C = Vault XP percentage of total XP
 D = Non-vault monster count
 E = Vault monster count
 F = Vault count percentage of total count
                 A         B        C        D         E       F
            +---------+---------+-------+---------+---------+-------
      Total |      83 |      20 |  19.4 |      38 |      10 |  20.8
            +---------+---------+-------+---------+---------+-------
        D:1 |      39 |       2 |   4.9 |      21 |       1 |   4.5
        D:2 |      42 |      18 |  30.0 |      16 |       9 |  36.0
        D:3 |       2 |       0 |   0.0 |       1 |       0 |   0.0
            +---------+---------+-------+---------+---------+-------
